 Dungeon Crawl Stone Soup version 0.23.2-11-gf996548c65 (webtiles) character file.

Game seed: 3541234325813713833

35821 Kotlin the Destroyer (level 13, 0/80 HPs)
             Began as a Deep Elf Ice Elementalist on June 6, 2019.
             Was a High Priest of Vehumet.
             Slain by an ogre
             ... wielding a +0 giant spiked club
              (24 damage)
             ... on level 12 of the Dungeon.
             The game lasted 02:45:40 (30047 turns).

Kotlin the Destroyer (Deep Elf Ice Elementalist)   Turns: 30047, Time: 02:45:40

Health: 0/80       AC:  9    Str:  7    XL:     13   Next: 49%
Magic:  17/54      EV: 18    Int: 27    God:    Vehumet [*****.]
Gold:   1293       SH:  0    Dex: 15    Spells: 6/35 levels left

rFire    + . .     SeeInvis .   H - staff of power {MP+17, !a}
rCold    + + .     Gourm    .   (no shield)
rNeg     . . .     Faith    .   g - +2 robe {rC+ rF+}
rPois    .         Spirit   .   V - +2 hat {Int+3}
rElec    .         Reflect  .   x - scarf {repulsion}
rCorr    .         Harm     +   (no gloves)
MR       +....                  E - +2 pair of boots
Stlth    ++........             Z - amulet of harm
HPRegen  0.23/turn              b - ring of protection from cold {rC+, !d}
MPRegen  0.34/turn              t - ring of magical power {MP+9}

@: studying Maces & Flails, repel missiles
A: no striking features
a: Renounce Religion


You were on level 12 of the Dungeon.
You worshipped Vehumet.
Vehumet was extremely pleased with you.
You were not hungry.

You visited 3 branches of the dungeon, and saw 19 of its levels.
You also visited: Ossuary.

You collected 1293 gold pieces.

Inventory:

Hand Weapons
 m - a +0 morningstar of holy wrath
   (You took it off a gargoyle on level 11 of the Dungeon)
 S - a +2 hand axe of electrocution
   (You found it on level 7 of the Dungeon)
Missiles
 U - 2 throwing nets {=f, !d}
Armour
 g - a +2 robe of resistance (worn)
   (You took it off an orc wizard on level 4 of the Dungeon)
 x - a scarf of repulsion (worn)
   (You found it on level 5 of the Lair of Beasts)
 E - a +2 pair of boots (worn)
   (You found it on level 5 of the Dungeon)
 V - a +2 hat of intelligence (worn)
   (You took it off Gastronok on level 8 of the Dungeon)
Magical Staves
 H - an uncursed staff of power (weapon) {MP+17, !a}
   (You found it on level 3 of the Lair of Beasts)
 M - an uncursed staff of fire {rF+}
   (You found it on level 1 of the Lair of Beasts)
Jewellery
 b - a ring of protection from cold (left hand) {rC+, !d}
   (You found it on level 1 of the Dungeon)
 t - a ring of magical power (right hand) {MP+9}
   (You found it on level 6 of the Lair of Beasts)
 C - an uncursed ring of protection from magic {MR+, !d}
   (You found it on level 4 of the Dungeon)
 Y - an uncursed ring of fire {rF+, rC-}
   (You found it on level 8 of the Dungeon)
 Z - an amulet of harm (around neck)
   (You found it on level 8 of the Dungeon)
Wands
 e - a wand of digging (3)
   (You took it off Psyche on level 9 of the Dungeon)
 q - a wand of acid (11)
   (You found it on level 2 of the Lair of Beasts)
 r - a wand of iceblast (8)
   (You found it on level 2 of the Dungeon)
 v - a wand of enslavement (23)
   (You found it on level 3 of the Dungeon)
 w - a wand of paralysis (19)
   (You found it on level 3 of the Dungeon)
 K - a wand of disintegration (11)
   (You found it on level 11 of the Dungeon)
 L - a wand of polymorph (11)
   (You found it on level 8 of the Dungeon)
Scrolls
 a - a scroll of immolation {!r}
 f - 4 scrolls of enchant weapon
 h - 9 scrolls of remove curse
 k - 4 scrolls of fear
 y - a scroll of enchant armour
 D - 2 scrolls of teleportation
 G - a scroll of fog
 Q - 2 scrolls of magic mapping {!r}
 T - 2 scrolls of identify
 X - 2 scrolls of blinking {!r}
Potions
 o - 2 potions of might
 p - 2 potions of mutation {!q}
 u - a potion of berserk rage {unknown}
 A - a potion of lignification {!q}
 F - 6 potions of flight
 J - 2 potions of haste
 N - 2 potions of cancellation {unknown}
 O - a potion of resistance
 R - a potion of experience {unknown}
 W - 3 potions of brilliance
Books
 j - a manual of Maces & Flails {!d}
   (You found it on level 4 of the Dungeon)
Miscellaneous
 i - a fan of gales
   (You found it on level 5 of the Lair of Beasts)
 l - a phantom mirror
 n - a crystal ball of energy
   (You found it on level 2 of the Lair of Beasts)
 z - a phial of floods
   (You found it on level 6 of the Lair of Beasts)
Comestibles
 c - 33 rations


   Skills:
 + Level 8.9 Fighting
 + Level 8.5 Dodging
 - Level 3.3 Stealth
 + Level 11.8 Spellcasting
 * Level 12.0 Conjurations
 + Level 4.8 Charms
 - Level 8.1 Summonings
 + Level 11.8 Ice Magic
 - Level 4.0 Air Magic


You had 6 spell levels left.
You knew the following spells:

 Your Spells              Type           Power        Failure   Level  Hunger
a - Throw Frost           Conj/Ice       ######       1%          2    None
b - Summon Ice Beast      Ice/Summ       ######..     1%          4    None
c - Throw Icicle          Conj/Ice       ######..     1%          4    None
d - Sting                 Conj/Pois      ####         1%          1    None
e - Bolt of Cold          Conj/Ice       ######....   1%          6    #####..
f - Magic Dart            Conj           ####         1%          1    None
g - Poisonous Vapours     Pois/Air       ####..       2%          2    None
x - Freeze                Ice            ####         1%          1    None
z - Iskenderun's Battles  Conj/Chrm      ######..     1%          5    ###....
A - Ozocubu's Armour      Chrm/Ice       ######..     1%          3    None

Your spell library contained the following spells:

 Spells                   Type           Power        Failure   Level  Hunger
 Yara's Violent Unravell  Hex/Tmut       ###.......   24%         5    ###....
 Flame Tongue             Conj/Fire      #####        1%          1    None
 Sandblast                Erth           ###...       1%          1    None
 Ensorcelled Hibernation  Hex/Ice        #####.       1%          2    None
 Searing Ray              Conj           ######       1%          2    None
 Throw Flame              Conj/Fire      #####.       1%          2    None
 Conjure Flame            Conj/Fire      #####...     1%          3    None
 Dazzling Spray           Conj/Hex       #####.       1%          3    None
 Mephitic Cloud           Conj/Pois/Air  #####...     1%          3    None
 Stone Arrow              Conj/Erth      #####.       1%          3    None
 Force Lance              Conj/Tloc      #####...     1%          4    None
 Fulminant Prism          Conj/Hex       #####.....   1%          4    None
 Iskenderun's Mystic Bla  Conj           ######..     1%          4    None
 Sticky Flame             Conj/Fire      #####...     1%          4    None
 Beastly Appendage        Tmut           ###...       3%          1    None
 Corona                   Hex            ###....      3%          1    None
 Ice Form                 Ice/Tmut       #####...     3%          4    None
 Freezing Cloud           Conj/Ice/Air   ######....   3%          6    #####..
 Passwall                 Tmut/Erth      ###.....     5%          2    None
 Sticks to Snakes         Tmut           ###.....     5%          2    None
 Conjure Ball Lightning   Conj/Air       ######....   5%          6    #####..
 Confuse                  Hex            ###.....     11%         3    None
 Spider Form              Tmut/Pois      ###.......   11%         3    None
 Tukima's Dance           Hex            ###.....     11%         3    None
 Lee's Rapid Deconstruct  Erth           ###.......   24%         5    ###....
 Petrify                  Tmut/Erth      ###.....     34%         4    None
 Blade Hands              Tmut           ###.......   69%         5    ###....
 Ring of Flames           Chrm/Fire      ####......   100%        7    ######.


Dungeon Overview and Level Annotations

Branches:
Dungeon (12/15)            Temple (1/1) D:4            Lair (6/6) D:10
  Swamp (0/4) Lair:3       Spider (0/4) Lair:2        Slime (0/5) Lair:5
    Orc (0/2) D:9

Altars:
Ashenzari
Cheibriados
Dithmenos
Elyvilon
Fedhas
Gozag
Hepliaklqana
Kikubaaqudgha
Makhleb
Nemelex Xobeh
Okawaru
Qazlal
Ru
Sif Muna
Trog
Uskayaw
Vehumet
Wu Jian
Xom
Yredelemnul
Zin
The Shining One
Jiyva

Shops:
D:5 [

Annotations:
D:12 Jorgrun
Lair:4 exclusion: hydra


Message History

The puff of frost hits your ice beast.
Your ice beast completely resists.
You now have 22/54 mp.
Aim: an orc, wielding a +0 falchion The puff of frost hits your ice beast.
Your ice beast completely resists.
You hear a grinding noise.
You now have 20/54 mp.
You open the door. Jorgrun gestures at you while chanting.
You resist with significant effort.
There is an open door here. 2 killer bees come into view.
You hear a grinding noise.
As you read the scroll of teleportation, it crumbles to dust.
You feel strangely unstable.
Jorgrun points at the rock wall and mumbles some strange words.
You hear a grinding noise.
The killer bee barely misses you.
Aim: an orc, wielding a +0 morningstar and wearing a cursed +0 leather armour The bolt of cold hits your ice beast.
Your ice beast completely resists.
The bolt of cold hits the orc warrior!!
You kill the orc warrior!
Vehumet accepts your kill.
You feel your power returning.
The killer bee stings you but does no damage.
Your ice beast misses the killer bee.
You hear a grinding noise.
The killer bee closely misses you.
You now have 18/54 mp.
Aim: an orc, wielding a +0 morningstar and wearing a cursed +0 leather armour The bolt of cold hits your ice beast.
Your ice beast completely resists.
The bolt of cold misses the orc. x2
You hear an angry buzzing noise.
The killer bee stings you but does no damage.
Your ice beast misses the killer bee.
The killer bee misses you.
You now have 12/54 mp.
Your surroundings suddenly seem different.
An ogre comes into view. It is wielding a +0 giant spiked club.
Found an escape hatch in the ceiling.
A troll comes into view.
As you read the scroll of fog, it crumbles to dust.
The scroll dissolves into smoke.
You hear a grinding noise.
The troll moves out of view.
You start resting.
You hear a grinding noise.
The ogre is too close now for your liking.
You regained 2 hp, and now have 36/80 hp.
You regained 3 mp, and now have 16/54 mp.
The ogre shouts!
The floor.
There is a cloud of grey smoke here.
Here: an ogre, wielding a +0 giant spiked club (grey smoke)
The floor.
A chill wind blows around you.
The ogre hits you with a +0 giant spiked club!
* * * LOW HITPOINT WARNING * * *
You take 19 damage, and have 18/80 hp.
MASSIVE DAMAGE!!
You now have 13/54 mp.
Aim: an ogre, wielding a +0 giant spiked club (grey smoke)
The puff of frost hits the ogre.
You now have 11/54 mp.
The ogre completely misses you. The troll bites your ice beast!
The troll barely misses your ice beast. The troll claws your ice beast!
You hear a grinding noise.
Your ice beast hits the troll.
Your ice beast freezes the troll!
There is an open door here.
Aim: an ogre, wielding a +0 giant spiked club (moderately wounded)
The puff of frost hits the ogre!
The troll barely misses your ice beast.
The troll claws your ice beast. x2; The ogre closely misses you.
Your ice beast barely misses the troll.
You now have 11/54 mp.
Something bites your ice beast but does no damage.
Something barely misses your ice beast. Something claws your ice beast.
Something bites your ice beast but does no damage.
Something misses your ice beast. Something claws your ice beast.
There is an open door here.
You hear a grinding noise.
Your ice beast barely misses the ogre.
The ogre misses you. The troll bites your ice beast!
The troll closely misses your ice beast.
The troll claws your ice beast!
Your ice beast dies!
You hear a grinding noise.
You hear a grinding noise.
There is an open door here.
You hear a grinding noise.
There is an open door here.
You hear a grinding noise.
You open the door.
The ogre shouts!
You hear a grinding noise.
There is an open door here.
You open the door.
The ogre hits you with a +0 giant spiked club!!
You die...

##'# +.......# #...
#....... #... #..)...
+... #..... #>.. #....
#... ... ###'# ##'#
#...# #.@# #.### ##
#O## ##.### # #..
##'###### ###.....
..##'#########.........
#....(..
#.#........#.T.........
+.#.>.)†
#.'........#.#..O......
###....†
#..........#.........
#.....
#........'.#.........
#.....
#....................
#.....


You could see a troll and an ogre.

Vanquished Creatures
  The ghost of steinardarri the Grappler, a journeyman TrMo (Lair:6)
  2 hydras
  The ghost of DKeggars the Fighter, a novice MiFi (D:7)
  2 manticores
  5 black mambas
  2 elephants (Lair:3)
  A torpor snail (Lair:4)
  A gargoyle (D:11)
  6 spiny frogs
  5 komodo dragons
  2 rime drakes
  A troll (D:12)
  A bog body (Lair:3)
  10 dream sheep
  10 blink frogs
  3 hippogriffs
  A shadow (D:12)
  17 yaks
  4 basilisks
  7 soldier ants (Lair:2)
  8 water moccasins
  6 porcupines
  2 ice beasts (D:9)
  9 orc warriors
  2 sky beasts
  2 ogres
  A phantom (D:5)
  5 wolves (Lair:5)
  A centaur (D:11)
  13 crocodiles
  3 big kobolds
  9 bullfrogs
  2 scorpions
  6 killer bees (D:11)
  A howler monkey (D:10)
  An electric eel (D:9)
  3 crimson imps
  5 orc priests
  2 hounds
  4 jellies
  3 iguanas
  Natasha (D:4)
  8 orc wizards
  10 worker ants
  A hound zombie (D:11)
  A worker ant zombie (D:7)
  12 adders
  A hound simulacrum (D:8)
  A shadow imp (D:12)
  An adder skeleton (D:4)
  A dart slug (D:2)
  3 worms
  5 leopard geckos
  33 orcs
  A ball python (D:4)
  2 bats (D:2)
  7 giant cockroaches
  8 goblins
  8 hobgoblins
  7 jackals
  24 kobolds
  3 quokkas
  8 frilled lizards
  7 rats
  2 fungi
  2 plants
327 creatures vanquished.

Vanquished Creatures (collateral kills)
  Gastronok (D:8)
  Harold (D:8)
  A hydra (Lair:3)
  A two-headed ogre (D:9)
  A queen ant (Lair:2)
  4 elephants
  Joseph (D:8)
  A torpor snail (Lair:5)
  Psyche (D:9)
  2 spiny frogs
  A komodo dragon (Lair:3)
  A rime drake (Lair:2)
  5 blink frogs
  4 dream sheep
  A spriggan (D:7)
  Sigmund (D:2)
  A wyvern (D:10)
  A basilisk (Lair:1)
  4 humans (D:9)
  17 yaks
  Edmund (D:4)
  A warg (Lair:2)
  8 soldier ants (Lair:2)
  2 porcupines
  5 water moccasins
  A hornet zombie (D:8)
  4 ice beasts
  A black bear (D:8)
  2 sky beasts
  An orc warrior (D:9)
  3 phantoms
  3 ogres
  4 wolves (Lair:2)
  4 centaurs
  4 crocodiles
  6 bullfrogs
  Blork the orc (D:4)
  A wyvern zombie (D:10)
  3 scorpions
  6 killer bees
  2 howler monkeys
  3 electric eels (D:9)
  A bullfrog zombie (D:12)
  3 centaur zombies
  2 crimson imps
  A quasit (D:10)
  6 hounds
  2 jellies
  5 orc priests
  A bullfrog skeleton (D:8)
  6 orc wizards
  32 worker ants
  Ijyb (D:2)
  3 iguanas
  Natasha (twice) (D:4)
  2 killer bee zombies
  2 hound skeletons (D:4)
  Robin (D:3)
  4 worker ant zombies
  4 gnolls (D:7)
  5 adders
  2 shadow imps
  5 white imps (D:8)
  An adder skeleton (D:9)
  A worm (D:3)
  A dart slug (D:4)
  A leopard gecko (D:5)
  32 orcs
  A bat (D:3)
  2 giant cockroaches (D:3)
  6 goblins
  2 hobgoblins
  6 jackals
  2 quokkas
  A frilled lizard (D:5)
  A kobold (D:3)
  A leopard gecko skeleton (D:7)
  2 quokka skeletons
  3 rats (D:3)
  A bush (D:10)
  A fungus (Lair:5)
271 creatures vanquished.

Vanquished Creatures (others)
  A shadow imp (D:9)
  An orc (D:12)
  6 fungi
  4 plants
12 creatures vanquished.

Grand Total: 610 creatures vanquished

Notes
Turn   | Place    | Note
-------+----------+-------------------------------------------
     0 | D:1      | Kotlin the Deep Elf Ice Elementalist began the quest for
                  | the Orb.
     0 | D:1      | Reached XP level 1. HP: 10/10 MP: 6/6
   148 | D:1      | Reached XP level 2. HP: 12/15 MP: 2/8
   483 | D:1      | Learned a level 2 spell: Throw Frost
   492 | D:1      | Reached skill level 3 in Stealth
   740 | D:1      | Reached skill level 3 in Dodging
   740 | D:1      | Reached XP level 3. HP: 19/19 MP: 0/10
  1428 | D:2      | Learned a level 3 spell: Ozocubu's Armour
  1587 | D:2      | Reached skill level 4 in Spellcasting
  1587 | D:2      | Reached skill level 4 in Ice Magic
  1587 | D:2      | Reached XP level 4. HP: 24/24 MP: 1/12
  1611 | D:2      | Learned a level 4 spell: Summon Ice Beast
  1844 | D:2      | Reached skill level 1 in Summonings
  2470 | D:2      | Noticed Sigmund
  2489 | D:2      | Killed Sigmund
  2489 | D:2      | Reached skill level 2 in Summonings
  2489 | D:2      | Reached XP level 5. HP: 28/28 MP: 2/13
  2607 | D:3      | Found a burning altar of Makhleb.
  2610 | D:3      | Reached skill level 3 in Summonings
  2614 | D:3      | Found a glowing silver altar of Zin.
  2615 | D:3      | Noticed a balrug
  2615 | D:3      | Noticed an angel
  2803 | D:3      | Noticed Ijyb
  2837 | D:3      | HP: 5/28 [jackal (3)]
  3457 | D:2      | Killed Ijyb
  4241 | D:4      | Noticed Natasha
  4244 | D:4      | Reached XP level 6. HP: 32/32 MP: 7/14
  4250 | D:4      | Killed Natasha
  4262 | D:4      | Found a sand-covered staircase.
  4263 | D:4      | Noticed Natasha
  4270 | D:4      | Killed Natasha
  4270 | D:4      | Reached skill level 4 in Summonings
  4270 | D:4      | Reached skill level 5 in Ice Magic
  4365 | Ossuary  | Entered an ossuary
  4634 | D:4      | Noticed Robin
  4687 | D:3      | Killed Robin
  4865 | D:3      | HP: 5/33 [scorpion (8)]
  4866 | D:3      | Reached skill level 1 in Fighting
  4868 | D:3      | HP: 2/34 [poisoned by a scorpion]
  4902 | D:3      | HP: 8/34 [poisoned by a scorpion]
  5163 | D:4      | Noticed Blork the orc
  5184 | D:4      | Killed Blork the orc
  5193 | D:4      | HP: 8/34 [poisoned by a worker ant]
  5200 | D:4      | HP: 7/34 [poisoned by a worker ant]
  5208 | D:4      | HP: 6/34 [poisoned by a worker ant]
  5541 | D:4      | Found a staircase to the Ecumenical Temple.
  5664 | Temple   | Entered the Ecumenical Temple
  5760 | Temple   | Became a worshipper of Vehumet
  5815 | D:4      | Noticed Edmund
  5824 | D:4      | Killed Edmund
  5824 | D:4      | Reached skill level 5 in Summonings
  5824 | D:4      | Reached XP level 7. HP: 38/38 MP: 7/15
  6026 | D:4      | Noticed Natasha
  6040 | D:4      | Killed Natasha
  6313 | D:4      | Reached skill level 1 in Charms
  6630 | D:4      | Reached skill level 2 in Fighting
  6725 | D:4      | Learned a level 4 spell: Throw Icicle
  6782 | D:5      | Entered Level 5 of the Dungeon
  7444 | D:5      | Reached skill level 2 in Conjurations
  7539 | D:5      | Reached skill level 6 in Ice Magic
  7745 | D:5      | HP: 8/40 [phantom (10)]
  7785 | D:5      | HP: 4/40 [phantom (9)]
  7793 | D:5      | Reached skill level 5 in Spellcasting
  7793 | D:5      | Reached skill level 2 in Charms
  7793 | D:5      | Reached skill level 6 in Summonings
  7793 | D:5      | Reached XP level 8. HP: 13/44 MP: 0/17
  8025 | D:5      | Learned a level 1 spell: Sandblast
  8289 | D:5      | Found a snail-covered altar of Cheibriados.
  8289 | D:5      | Found a white marble altar of Elyvilon.
  8289 | D:5      | Found a sparkling altar of Nemelex Xobeh.
  8398 | D:5      | Found Pitutes's Antique Armour Shop.
  8596 | D:6      | Reached * piety under Vehumet
  8596 | D:6      | Offered knowledge of Magic Dart by Vehumet.
  8599 | D:6      | Learned a level 1 spell: Magic Dart
  8879 | D:6      | Found a sparkling altar of Nemelex Xobeh.
  9128 | D:6      | Reached skill level 3 in Conjurations
  9488 | D:6      | Reached skill level 6 in Spellcasting
  9728 | D:7      | Reached skill level 4 in Dodging
  9988 | D:7      | HP: 11/45 [centaur/arrow (5)]
  9992 | D:7      | Reached skill level 3 in Fighting
  9992 | D:7      | Reached skill level 4 in Conjurations
 10059 | D:7      | Reached ** piety under Vehumet
 10325 | D:7      | Offered knowledge of Sting by Vehumet.
 10329 | D:7      | Learned a level 1 spell: Sting
 10468 | D:7      | Reached skill level 5 in Conjurations
 10468 | D:7      | Reached skill level 7 in Ice Magic
 10473 | D:7      | Reached XP level 9. HP: 51/51 MP: 10/20
 10550 | D:7      | Reached skill level 4 in Fighting
 10835 | D:7      | Reached skill level 8 in Ice Magic
 11169 | D:8      | Noticed Joseph
 11267 | D:8      | Noticed Gastronok
 11268 | D:8      | Noticed Harold
 11848 | D:8      | Reached skill level 5 in Fighting
 12037 | D:8      | Killed Joseph
 12075 | D:8      | Killed Harold
 12075 | D:8      | Reached skill level 5 in Dodging
 12075 | D:8      | Reached skill level 7 in Summonings
 12255 | D:8      | Killed Gastronok
 12255 | D:8      | Reached skill level 8 in Summonings
 12255 | D:8      | Reached XP level 10. HP: 59/59 MP: 1/21
 12392 | D:8      | Learned a level 2 spell: Poisonous Vapours
 12531 | D:8      | Found a runed translucent gate.
 12531 | D:8      | Found a runed translucent gate.
 12531 | D:8      | Found a runed translucent gate.
 12552 | D:8      | Noticed DKeggars's ghost (novice MiFi)
 12644 | D:8      | Offered knowledge of Searing Ray by Vehumet.
 12645 | D:8      | Reached skill level 9 in Ice Magic
 12927 | D:7      | Killed DKeggars's ghost
 12927 | D:7      | Reached skill level 3 in Charms
 12927 | D:7      | Reached skill level 1 in Air Magic
 13511 | D:9      | Found a radiant altar of Vehumet.
 14069 | D:9      | Found a sacrificial altar of Ru.
 14245 | D:9      | Reached skill level 6 in Dodging
 14427 | D:9      | Reached skill level 2 in Air Magic
 14560 | D:9      | HP: 9/59 [electric eel/bolt of electricity (10)]
 14984 | D:9      | Noticed a two-headed ogre
 14991 | D:9      | Killed a two-headed ogre
 14991 | D:9      | Reached skill level 7 in Spellcasting
 14991 | D:9      | Reached skill level 6 in Conjurations
 14991 | D:9      | Reached skill level 4 in Charms
 14998 | D:9      | Reached *** piety under Vehumet
 15191 | D:9      | Noticed Psyche
 15202 | D:9      | Killed Psyche
 15423 | D:9      | Offered knowledge of Olgreb's Toxic Radiance by Vehumet.
 15572 | D:9      | Reached skill level 3 in Air Magic
 15988 | D:9      | Found a staircase to the Orcish Mines.
 16442 | D:9      | Found a deep blue altar of Sif Muna.
 16643 | D:10     | Entered Level 10 of the Dungeon
 16889 | D:10     | Reached skill level 8 in Spellcasting
 16904 | D:10     | Found a staircase to the Lair.
 16928 | D:10     | Reached skill level 4 in Air Magic
 16929 | D:10     | Reached skill level 7 in Conjurations
 16930 | D:10     | Reached **** piety under Vehumet
 17402 | D:10     | Reached XP level 11. HP: 64/64 MP: 3/25
 17651 | Lair:1   | Entered Level 1 of the Lair of Beasts
 18134 | Lair:1   | Offered knowledge of Iskenderun's Battlesphere by Vehumet.
 18153 | Lair:1   | Learned a level 5 spell: Iskenderun's Battlesphere
 18222 | Lair:1   | You fall through a shaft!
 18345 | Lair:2   | Found a hole to the Spider Nest.
 18616 | Lair:2   | HP: 16/64 [poisoned by a water moccasin]
 18622 | Lair:2   | HP: 14/64 [poisoned by a water moccasin]
 18628 | Lair:2   | HP: 14/64 [poisoned by a water moccasin]
 18636 | Lair:2   | HP: 13/64 [poisoned by a water moccasin]
 19179 | Lair:2   | Noticed a queen ant
 19187 | Lair:2   | Killed a queen ant
 19388 | Lair:2   | Reached skill level 7 in Dodging
 19546 | Lair:2   | Reached skill level 9 in Spellcasting
 19745 | Lair:2   | Reached skill level 6 in Fighting
 19776 | Lair:2   | Reached skill level 8 in Conjurations
 19792 | Lair:2   | Reached ***** piety under Vehumet
 19793 | Lair:2   | HP: 16/64 [poisoned by a soldier ant]
 19798 | Lair:2   | HP: 13/64 [poisoned by a soldier ant]
 19803 | Lair:2   | HP: 10/64 [poisoned by a soldier ant]
 19808 | Lair:2   | HP: 9/64 [poisoned by a soldier ant]
 19814 | Lair:2   | HP: 8/64 [poisoned by a soldier ant]
 19821 | Lair:2   | HP: 8/64 [poisoned by a soldier ant]
 20147 | Lair:2   | Offered knowledge of Bolt of Cold by Vehumet.
 21001 | Lair:3   | Found a staircase to the Swamp.
 21124 | Lair:3   | Reached skill level 10 in Ice Magic
 21247 | Lair:3   | Noticed a five-headed hydra
 21253 | Lair:3   | Killed a five-headed hydra
 21253 | Lair:3   | Reached skill level 8 in Dodging
 21404 | Lair:3   | Reached skill level 10 in Spellcasting
 21479 | Lair:2   | HP: 14/66 [elephant (21)]
 21762 | Lair:3   | Reached skill level 9 in Conjurations
 21762 | Lair:3   | Reached XP level 12. HP: 20/71 MP: 12/28
 21764 | Lair:3   | HP: 15/71 [elephant (6)]
 21765 | Lair:3   | HP: 4/71 [elephant (16)]
 22682 | Lair:4   | Reached skill level 7 in Fighting
 22692 | Lair:4   | Learned a level 6 spell: Bolt of Cold
 23091 | Lair:4   | Noticed an eight-headed hydra
 23096 | Lair:4   | Killed an eight-headed hydra
 23096 | Lair:4   | Reached skill level 11 in Spellcasting
 23233 | Lair:4   | Reached skill level 10 in Conjurations
 23780 | Lair:4   | Offered knowledge of Poison Arrow by Vehumet.
 24156 | Lair:5   | Reached skill level 8 in Fighting
 24161 | Lair:5   | Reached skill level 11 in Ice Magic
 24334 | Lair:5   | Found a viscous altar of Jiyva.
 24334 | Lair:5   | Found a staircase to the Slime Pits.
 25644 | Lair:6   | Entered Level 6 of the Lair of Beasts
 25672 | Lair:6   | Found a runed translucent gate.
 25673 | Lair:6   | Found a runed translucent gate.
 25673 | Lair:6   | Noticed steinardarri's ghost (journeyman TrMo)
 25682 | Lair:6   | Found a runed translucent gate.
 25684 | Lair:6   | Noticed an 11-headed hydra
 25709 | Lair:6   | Killed an 11-headed hydra
 25709 | Lair:6   | Reached XP level 13. HP: 79/79 MP: 3/30
 25743 | Lair:6   | Reached skill level 11 in Conjurations
 26495 | Lair:6   | Killed steinardarri's ghost
 26836 | Lair:6   | Got an ebony broad axe
 28650 | D:11     | Offered knowledge of Yara's Violent Unravelling by Vehumet.
 29305 | D:11     | Identified a scroll of acquirement
 29305 | D:11     | Identified Kotlin's Catalogue of Conjuration (You acquired
                  | it on level 11 of the Dungeon)
 29959 | D:12     | Noticed Jorgrun
 29967 | D:12     | Reached skill level 12 in Conjurations
 29982 | D:12     | HP: 18/80 [Jorgrun/+0 quarterstaff of crushing (13)]
 30022 | D:12     | HP: 18/80 [ogre/+0 giant spiked club (19)]
 30047 | D:12     | Slain by an ogre

Skill      XL: |  1  2  3  4  5  6  7  8  9 10 11 12 13 |
---------------+----------------------------------------+-----
Stealth        | 3 |  3.3
Dodging        | 3 4 5 6 8 |  8.5
Spellcasting   | 4 5 6 8 10 11 | 11.8
Ice Magic      | 4 5 6 7 8 9 10 11 | 11.8
Summonings     | 2 3 5 6 8 |  8.1
Fighting       | 1 2 3 5 6 8 |  8.9
Charms         | 2 4 |  4.8
Conjurations   | 2 5 7 9 10 12 | 12.0
Air Magic      | 4 |  4.0

Action                   |  1- 3 |  4- 6 |  7- 9 | 10-12 | 13-15 || total
-------------------------+-------+-------+-------+-------+-------++-------
Melee: Short sword       |     4 |    12 |    54 |       |       ||    70
       Hand axe          |       |       |     3 |    39 |     1 ||    43
       Staff             |       |       |       |       |     9 ||     9
 Fire: Hunting sling     |       |       |       |     2 |       ||     2
Throw: Stone             |       |       |     8 |     1 |       ||     9
 Cast: Freeze            |    27 |    21 |    35 |    31 |     7 ||   121
       Throw Frost       |    34 |    57 |    41 |   121 |   136 ||   389
       Summon Ice Beast  |       |    22 |    88 |   229 |    25 ||   364
       Ozocubu's Armour  |       |     1 |    12 |    10 |       ||    23
       Throw Icicle      |       |       |     4 |    15 |     4 ||    23
       Magic Dart        |       |       |    36 |       |    10 ||    46
       Sting             |       |       |    15 |     7 |     2 ||    24
       Poisonous Vapours |       |       |       |   103 |     7 ||   110
       Iskenderun's Batt |       |       |       |    38 |    33 ||    71
       Bolt of Cold      |       |       |       |    20 |    35 ||    55
Evoke: Wand              |       |     2 |     6 |       |       ||     8
  Use: Scroll            |       |     9 |     5 |    19 |    13 ||    46
       Potion            |       |     1 |     2 |     3 |     1 ||     7
 Stab: Distracted        |       |       |     1 |       |       ||     1
  Eat: Chunk             |     3 |    12 |    18 |    30 |    15 ||    78
       Ration            |       |     2 |     4 |     8 |     3 ||    17
Armor: Robe              |     6 |    10 |    53 |    57 |     7 ||   133
Dodge: Dodged            |    14 |    65 |   122 |   168 |    41 ||   410
       Deflected         |       |       |       |       |     1 ||     1

Levels and vault maps discovered:
D:1:      evilmike_arrival_crescent, layout_loops_cross
D:2:      layout_basic, uniq_sigmund
D:3:      layout_rooms, grunt_temple_overflow_order_and_chaos_2,
          bh_walls_and_bars, uniq_ijyb
D:4:      layout_gridville, minmay_temple_entry_proselytizer,
          nicolae_ossuary_entry_ruins, first_ration, minmay_manual_mess,
          uniq_robin, uniq_natasha, uniq_edmund, uniq_blork_the_orc
D:5:      layout_basic, gammafunk_temple_overflow_claw, serial_shops,
          nicolae_shop_crystal
D:6:      layout_loops_cross, nemelex_lonely_heart_becter
D:7:      minmay_thinvault, layout_loops_ring, hangedman_decor_peaks_small,
          the_bakery
D:8:      layout_basic, gammafunk_ghost_icy, uniq_harold, uniq_joseph,
          uniq_gastronok
D:9:      layout_gridville, kennysheep_mini_moat, nicolae_ru_awakened_eye,
          erik_orc_2, basic_altar, minmay_ruffians, uniq_psyche
D:10:     layout_grid_maze, minmay_lair_entry_grove
D:11:     layout_loops_cross
D:12:     layout_roguey [special_room_orc], serial_shops, shop_statue,
          evilmike_ruin_ashenzari, uniq_jorgrun
Temple:   regret_index_temple_waves
Lair:1:   dragon1_lemuel, layout_long_grid, patterned_corridor,
          grunt_megastairs_5
Lair:2:   beast_lair_carwin_large_2, layout_chaotic_city,
          spider_nest_entry_web_field, zaba_anthell
Lair:3:   layout_regular_city, skrybe_swamp_entry_bodies,
          chequers_serial_rivers_small_3, grunt_megastairs_4
Lair:4:   layout_gridlike
Lair:5:   layout_loops_ring, slime_altar_1, infiniplex_staircase_pool_2
Lair:6:   due_jungle_book, layout_small_grid, gammafunk_ghost_hydra_chop,
          lemuel_old_faithful, lemuel_fruit_tree
Ossuary:  minmay_ossuary_gauntlet

Table legend:
 A = Turns spent in this place as a percentage of turns spent in the entire game.
 B = Non-inter-level travel turns spent in this place as a percentage of non-inter-level travel turns spent in the entire game.
 C = Inter-level travel turns spent in this place as a percentage of turns spent in this place.
 D = Turns resting spent in this place as a percentage of non-inter-level travel turns spent in this place.
 E = Turns spent auto-exploring this place as a percentage of non-inter-level travel turns spent in this place.
 F = Non-inter-level travel turns spent in this place divided by the number of levels of this place that you've seen.
                   A       B       C       D       E      F
               +-------+-------+-------+-------+-------+----------------------
         Total | 100.0 | 100.0 |   3.9 |  46.8 |  32.4 | 1443.3
       Dungeon |  66.3 |  66.5 |   3.7 |  46.6 |  31.2 | 1599.0
        Temple |   0.5 |   0.3 |  34.9 |   0.0 |  97.9 |  97.0
          Lair |  33.1 |  33.1 |   4.0 |  47.9 |  34.2 | 1590.8
       Ossuary |   0.1 |   0.1 |   0.0 |   0.0 |   2.8 |  36.0
               +-------+-------+-------+-------+-------+----------------------

Table legend:
 A = Kills in this place as a percentage of kills in entire the game.
 B = Kills by you in this place as a percentage of kills by you in the entire game.
 C = Kills by friends in this place as a percentage of kills by friends in the entire game.
 D = Other kills in this place as a percentage of other kills in the entire game.
 E = Experience gained in this place as a percentage of experience gained in the entire game.
 F = Experience gained in this place divided by the number of levels of this place that you have seen.
                   A       B       C       D       E      F
               +-------+-------+-------+-------+-------+----------------------
         Total | 100.0 | 100.0 | 100.0 |   N/A | 100.0 | 2558.7
       Dungeon |  70.6 |  68.7 |  72.9 |   N/A |  38.4 | 1639.2
          Lair |  29.4 |  31.3 |  27.1 |   N/A |  61.6 | 5250.5
               +-------+-------+-------+-------+-------+----------------------
